 Dungeon Crawl Stone Soup version 0.29.0-13-gc9e81de378 (webtiles) character file.

Game seed: 15492887534181113518

216 SensoryNuts the Slasher (level 5, -12/41 HPs)
             Began as a Demonspawn Fighter on Sept 8, 2022.
             Killed by divine providence
             ... invoked by an orc priest
              (17 damage)
             ... on level 4 of the Dungeon.
             The game lasted 00:04:24 (5114 turns).

SensoryNuts the Slasher (Demonspawn Fighter)        Turns: 5114, Time: 00:04:25

Health: -12/41     AC:  6    Str: 16    XL:     5   Next: 61%
Magic:  5/5        EV:  9    Int: 10    God:
Gold:   263        SH:  6    Dex: 14    Spells: 4/4 levels left

rFire   . . .      SeeInvis .   a - +0 long sword
rCold   . . .      Faith    .   c - +1 buckler
rNeg    . . .      Spirit   .   b - +0 scale mail
rPois   .          Reflect  .   (no helmet)
rElec   .          Harm     .   (no cloak)
rCorr   .          Rampage  .   (no gloves)
Will    .....                   (no boots)
Stlth   ..........              (no amulet)
HPRegen 0.13/turn               (no ring)
MPRegen 0.09/turn               (no ring)

@: mighty
A: hooves 1, demonic guardian 1, weakness stinger 1
a: no special abilities


You were on level 4 of the Dungeon.
You visited 1 branch of the dungeon, and saw 4 of its levels.
You also visited: Sewer.

You collected 263 gold pieces.

Inventory:

Hand Weapons
 a - a +0 long sword (weapon)
Armour
 b - a +0 scale mail (worn)
 c - a +1 buckler (worn)
Jewellery
 t - a ring of wizardry
Wands
 s - a wand of charming (4)
Scrolls
 g - 3 scrolls of teleportation
 i - a scroll of vulnerability
 k - a scroll of fog
 n - a scroll of magic mapping
 q - 3 scrolls of enchant armour
Potions
 d - a potion of might
 e - 3 potions of degeneration
 f - 2 potions of curing
 h - a potion of brilliance {unknown}
 j - a potion of attraction {unknown}
 l - a potion of berserk rage {unknown}
 m - a potion of haste
 o - a potion of invisibility {unknown}
 p - a potion of flight {unknown}
 r - a potion of heal wounds {unknown}


   Skills:
 + Level 3.6 Fighting
 * Level 4.1 Long Blades
 + Level 3.5 Armour
 + Level 0.3 Dodging
 + Level 3.1 Shields


You had 4 spell levels left.
You didn't know any spells.
Your spell library contained the following spells:

 Spells                   Type           Power      Damage    Failure   Level
 Sandblast                Erth           0%         2d4       87%         1
 Sting                    Tmut/Pois      0%         1d3       87%         1
 Passwall                 Tmut/Erth      0%         N/A       95%         2
 Poisonous Vapours        Pois/Air       0%         N/A       95%         2
 Stone Arrow              Conj/Erth      0%         3d7       99%         3
 Olgreb's Toxic Radiance  Pois           0%         N/A       100%        4


Dungeon Overview and Level Annotations

Branches:
Dungeon (4/15)              Sewer (visited)
 Temple: D:4-7

Altars:
Nemelex Xobeh

Shops:
D:2 *


Innate Abilities, Weirdness & Mutations

You have large cloven feet.
A weak demonic guardian rushes to your aid.
You have a small tail.


Message History

You closely miss the orc priest. Your kick misses the orc priest.
The orc priest is heavily wounded.
The orc priest mumbles some strange prayers to Beogh against you.
Beogh smites you!
You are too injured to fight recklessly!
You are too injured to fight recklessly!
You are too injured to fight recklessly!
You are too injured to fight recklessly!
You are too injured to fight recklessly!
You are too injured to fight recklessly!
You are too injured to fight recklessly!
You are too injured to fight recklessly!
You are too injured to fight recklessly!
You are too injured to fight recklessly!
You are too injured to fight recklessly!
You are too injured to fight recklessly!
You are too injured to fight recklessly!
Unknown command.
You hit the orc priest.
You kick the orc priest, but do no damage.
The orc priest is heavily wounded.
The orc priest misses you.
You hit the orc priest but do no damage.
The orc priest is heavily wounded.
The orc priest closely misses you.
You barely miss the orc priest.
You kick the orc priest, but do no damage.
The orc priest is heavily wounded.
The orc priest misses you.
The orc priest mumbles some strange prayers to Beogh against you.
Pain shoots through your body!
* * * LOW HITPOINT WARNING * * *
A demonic guardian appears!
You feel better.
The orc priest hits you with a +2 flail of protection.
* * * LOW HITPOINT WARNING * * *
You feel very mighty all of a sudden.
The orc priest calls down the wrath of Beogh upon you.
Beogh smites you!
You die...

##...## #.#.#
#.....## #......#
.......##
##......#
........# ...###.#
........+
.....##.#
........#
##.....#.
.......## ##.....
#.....## ####o#
##...## #@# ##'##
#5# #.# #.#
###.############.#
..........>......#
##.#####.#########
#..# #.# ...# #.#
##.# #.#


You could see an orc priest (ally target) and a friendly iron imp (summoned).

Vanquished Creatures
  2 orc wizards (D:4)
  6 adders
  An ufetubus (D:4)
  A worm (D:3)
  7 dart slugs
  3 orcs
  7 ball pythons
  2 bats (D:1)
  9 endoplasms
  10 giant cockroaches
  3 goblins
  6 hobgoblins
  5 quokkas
  9 frilled lizards
  6 kobolds
  4 rats
81 creatures vanquished.

Vanquished Creatures (collateral kills)
  A quokka (D:3)
1 creature vanquished.

Grand Total: 82 creatures vanquished

Notes
Turn   | Place    | Note
-------+----------+-------------------------------------------
     0 | D:1      | SensoryNuts the Demonspawn Fighter began the quest for the
                  | Orb.
     0 | D:1      | Reached XP level 1. HP: 18/18 MP: 1/1
   358 | D:1      | Reached skill level 2 in Long Blades
   358 | D:1      | Gained mutation: A weak demonic guardian rushes to your
                  | aid. [demonic ancestry]
   358 | D:1      | Reached XP level 2. HP: 19/24 MP: 2/2
   623 | D:1      | Found a faded altar of an unknown god.
   833 | D:1      | Discovered your monstrous ancestry.
   833 | D:1      | Gained mutation: You have a small tail. [demonic ancestry]
   833 | D:1      | Reached XP level 3. HP: 24/29 MP: 3/3
  2003 | D:2      | Found Idwunah's General Store.
  2644 | D:3      | Gained mutation: You have large cloven feet. [demonic
                  | ancestry]
  2644 | D:3      | Reached XP level 4. HP: 35/35 MP: 4/4
  2655 | D:3      | Reached skill level 3 in Long Blades
  2926 | D:3      | Found a glowing drain.
  2944 | Sewer    | Entered a sewer
  3082 | Sewer    | HP: 1/35 [adder (1)]
  3650 | Sewer    | Reached XP level 5. HP: 36/41 MP: 5/5
  3975 | D:3      | Found a sparkling altar of Nemelex Xobeh.
  5105 | D:4      | Reached skill level 4 in Long Blades
  5114 | D:4      | Killed from afar by an orc priest

Illustrated notes

Levels and vault maps discovered:
D:1:      dpeg_arrival_circle_labyrinth_b, layout_basic,
          shapermc_ecumenical_altar_venn
D:2:      layout_basic, serial_shops, nicolae_shop_competitors_out_of_business
D:3:      layout_loops_ring, nemelex_xobeh_ov_fountains_minmay,
          gup_sewer_entry_pipe, minmay_distorted
D:4:      layout_loops_corners

Skill      XL: |  1  2  3  4  5 |
---------------+----------------+-----
Long Blades    | 2 3 4 |  4.1
Armour         | 3 |  3.5
Shields        | 3 |  3.1
Fighting       | |  3.6
Dodging        | |  0.3

Action                   |  1- 3 |  4- 6 || total
-------------------------+-------+-------++-------
Melee: Long sword        |    93 |   154 ||   247
       Tailslap          |     4 |    11 ||    15
       Kick              |       |    37 ||    37
  Use: Scroll            |     7 |     1 ||     8
       Potion            |       |     6 ||     6
Armor: Scale mail        |    48 |    69 ||   117
Dodge: Dodged            |    30 |    73 ||   103
Block: Buckler           |    21 |    51 ||    72
